 Dungeon Crawl Stone Soup version 0.29.0-4-gdea44cf6ec (webtiles) character file.

Game seed: 826111492898923094

32454 qw the Brawler (level 13, -1/124 HPs)
             Began as a Troll Cinder Acolyte on Sept 1, 2022.
             Was an Initiate of Ignis.
             Slain by Sonja
             ... wielding a +1 short sword of venom
              (2 damage)
             ... on level 4 of the Lair of Beasts.
             The game lasted 00:06:55 (12304 turns).

qw the Brawler (Troll Cinder Acolyte)              Turns: 12304, Time: 00:06:55

Health: -1/124     AC:  8    Str: 35    XL:     13   Next: 31%
Magic:  0/13       EV:  8    Int: 12    God:    Ignis [......]
Gold:   531        SH: 12    Dex:  8    Spells: 14/14 levels left

rFire   + . .      SeeInvis .     - Unarmed
rCold   . . .      Faith    .   s - +2 kite shield
rNeg    . . .      Spirit   +   u - +0 troll leather armour
rPois   +          Reflect  .   (helmet restricted)
rElec   .          Harm     .   f - +1 cloak "Futzax" {Int+2}
rCorr   .          Rampage  .   (gloves unavailable)
Will    .....                   (boots unavailable)
Stlth   +.........              k - amulet of guardian spirit
HPRegen 1.90/turn               v - ring "Kukeodde" {Contam +Blink Str+6 Dex+3 Slay+2}
MPRegen 0.13/turn               p - ring of poison resistance

@: lethally poisoned (-1 -> -14)
A: large, unfitting armour, claws 3, regeneration 1, shaggy fur 1, tough skin 1
a: Renounce Religion, Evoke Blink, Rising Flame


You were on level 4 of the Lair of Beasts.
You worshipped Ignis.
Ignis was noncommittal.
You visited 3 branches of the dungeon, and saw 15 of its levels.

You collected 867 gold pieces.
You spent 336 gold pieces at shops.


Innate Abilities, Weirdness & Mutations

You are too large for most types of armour.
You have claws for hands.
Your natural rate of healing is unusually fast.
You are covered in fur. (AC +1)
You have tough skin. (AC +1)


   Skills:
 - Level 7.0 Fighting
 - Level 4.1 Throwing
 - Level 2.3 Armour
 + Level 2.2 Dodging
 - Level 11.0 Shields
 - Level 17.0 Unarmed Combat
 - Level 1.0 Spellcasting
 - Level 2.1 Fire Magic


You had 14 spell levels left.
You didn't know any spells.
Your spell library contained the following spells:

 Spells                   Type           Power      Damage    Failure   Level
 Scorch                   Fire           10%        2d5       36%         2

Inventory:

Missiles
 c - 12 boomerangs (quivered)
Armour
 f - the +1 cloak "Futzax" (worn) {Int+2}
   (You acquired it on level 1 of the Lair of Beasts)

   Int:       It affects your intelligence (+2).
 m - the +2 robe "Siemnid" {Contam rC++ rCorr Archmagi}
   (You found it on level 4 of the Lair of Beasts)

   rC:        It greatly protects you from cold.
   Contam:    It causes magical contamination when unequipped.
   rCorr:     It protects you from acid and corrosion.
   Archmagi:  It increases the power of your magical spells.
 s - a +2 kite shield (worn)
 u - a +0 troll leather armour (worn)
Jewellery
 a - a +4 ring of evasion
 b - a ring of fire
 k - an amulet of guardian spirit (around neck)
 p - a ring of poison resistance (right claw)
 v - the ring "Kukeodde" (left claw) {Contam +Blink Str+6 Dex+3 Slay+2}
   (You found it on level 1 of the Lair of Beasts)

   [ring of strength]

   Str:       It affects your strength (+6).
   Dex:       It affects your dexterity (+3).
   Slay:      It affects your accuracy & damage with ranged weapons and melee
   (+2).
   +Blink:    It lets you blink.
   Contam:    It causes magical contamination when unequipped.
Scrolls
 g - a scroll of brand weapon
 l - 14 scrolls of identify
 n - 2 scrolls of enchant armour
 o - 2 scrolls of teleportation
 q - a scroll of amnesia {unknown}
Potions
 e - a potion of mutation
 h - a potion of resistance
 i - a potion of curing
 j - 4 potions of might

Dungeon Overview and Level Annotations

Branches:
Dungeon (10/15)            Temple (1/1) D:7            Lair (4/5) D:9
  Swamp (0/4) Lair:3       Spider (0/4) Lair:3
  Slime: Lair:4-5       Orc: D:9-12

Altars:
Ashenzari
Cheibriados
Dithmenos
Elyvilon
Fedhas
Gozag
Hepliaklqana
Makhleb
Nemelex Xobeh
Okawaru
Qazlal
Ru
Sif Muna
Trog
Uskayaw
Vehumet
Wu Jian
Xom
Yredelemnul
Zin
The Shining One

Shops:
D:1 =   D:9 ?

Annotations:
D:2 1 runed translucent door, Crazy Yiuf
Lair:4 Sonja


Message History

You are more poisoned.
Something hits you but does no damage. Something hits you.
You are more poisoned.
You completely miss something.
You feel very sick. Something hits you!
You are more poisoned.
Something hits you but does no damage. Something hits you.
You swing at nothing.
You feel extremely sick. You block something's attack. Something hits you.
You are more poisoned.
Something hits you. Something hits you!
You are more poisoned.
Something hits you.
You are more poisoned.
Something hits you but does no damage.
12300 ||| DRINKING 2 potions of curing.
You feel better.
12300 ||| (to cure poison)
You block something's attack. x2; Something hits you.
You are poisoned.
You closely miss something.
You feel sick. Something hits you but does no damage.
You are more poisoned.
Something hits you but does no damage.
You are more poisoned.
Something hits you but does no damage.
You claw something!
You feel very sick. You block something's attack.
Something hits you but does no damage. x2
You closely miss something.
You feel very sick. You block something's attack. Something hits you. x2
You are more poisoned.
You barely miss something.
You feel very sick. Something hits you.
You are more poisoned.
Something hits you! Something hits you.
You die...

#.........####............#
#.........#.##..#..#P##P###
##....%........##########
.#..............P#
.............#..##
............##.P#
##.........#.#..##
##........#.P..{#
#............#@#
.............%........
#.......###.#P.........
###.......... ##..../....
#......... #.........
#.........


There were no monsters in sight!

Vanquished Creatures
  3 hydras
  14 death yaks
  Pikel (D:9)
  A black mamba (Lair:4)
  A torpor snail (Lair:4)
  3 elephants (Lair:2)
  A gargoyle (D:10)
  7 cane toads
  2 rime drakes (Lair:3)
  12 komodo dragons
  Prince Ribbit (D:7)
  2 trolls (D:9)
  A spriggan (D:9)
  37 yaks
  2 wraiths
  7 wyverns
  Eustachio (D:4)
  3 basilisks
  2 steam dragons
  3 redbacks (Lair:3)
  2 hell hounds (Lair:2)
  11 water moccasins
  2 orc warriors (D:8)
  A sky beast (D:8)
  5 ice beasts
  5 black bears
  2 ogres (D:5)
  9 wolves
  3 centaurs
  4 lemures (D:9)
  A phantom (D:7)
  2 necrophages
  7 bullfrogs
  2 gnoll sergeants (D:9)
  11 wights
  A crimson imp (D:6)
  3 howler monkeys (D:9)
  3 jellies (D:5)
  4 hounds
  4 orc priests
  3 gnoll boudas
  3 iguanas
  Natasha (thrice) (D:3)
  5 orc wizards
  A mummy (D:8)
  16 gnolls
  5 adders
  A shadow imp (D:6)
  An ufetubus (D:5)
  8 worms
  2 dart slugs (D:2)
  35 orcs
  6 endoplasms
  4 giant cockroaches
  3 goblins
  4 hobgoblins
  6 jackals (D:3)
  3 kobolds
  3 quokkas
  2 ball pythons
  5 bats
  4 frilled lizards
  5 rats
314 creatures vanquished.

Vanquished Creatures (others)
  8 fungi
  49 plants
57 creatures vanquished.

Grand Total: 371 creatures vanquished

Notes
Turn   | Place    | Note
-------+----------+-------------------------------------------
     0 | D:1      | qw the Troll Cinder Acolyte began the quest for the Orb.
     0 | D:1      | Reached XP level 1. HP: 22/22 MP: 1/1
     0 | D:1      | 0 ||| qw: Version: 0.1-a-97-g2dd2ca4
     0 | D:1      | 0 ||| qw: Game counter: 4791
     0 | D:1      | 0 ||| qw: Always use a shield: true
     0 | D:1      | 0 ||| qw: God list: Okawaru
     0 | D:1      | 0 ||| qw: Allow faded altars: false
     0 | D:1      | 0 ||| qw: Do Orc after D:15 true
     0 | D:1      | 0 ||| qw: Do second Lair branch before Depths: true
     0 | D:1      | 0 ||| qw: Lair rune preference: random
     0 | D:1      | 0 ||| qw: Plans: Normal
     0 | D:1      | 0 ||| PLANNING D:1-11
   160 | D:1      | Reached XP level 2. HP: 29/29 MP: 2/2
   258 | D:1      | Found Kosyn's One-of-a-Kind Rings.
   269 | D:1      | 269 ||| SHOPLISTING +1 ring of protection (39 gold, have
                  | 30).
   269 | D:1      | 269 ||| SHOPLISTING +5 ring of evasion (715 gold, have 30).
   269 | D:1      | 269 ||| SHOPLISTING +6 ring of slaying (1869 gold, have
                  | 30).
   269 | D:1      | 269 ||| SHOPLISTING +9 ring of strength (1014 gold, have
                  | 30).
   269 | D:1      | 269 ||| SHOPLISTING ring "Yvvudwac" {rC+ Will- Str+5} (497
                  | gold, have 30).
   269 | D:1      | 269 ||| SHOPLISTING ring of Totz {EV+4 Dex+4 SInv} (722
                  | gold, have 30).
   404 | D:1      | Reached skill level 4 in Unarmed Combat
   531 | D:1      | 531 ||| UPGRADING to +4 ring of evasion.
   532 | D:1      | 532 ||| READING 3 scrolls labelled WIMIUCKUVENK.
   533 | D:1      | 533 ||| DRINKING 2 sedimented purple potions.
   534 | D:1      | 534 ||| READING 2 scrolls of identify.
   534 | D:1      | 534 ||| IDENTIFYING cyan potion
   642 | D:2      | Reached XP level 3. HP: 33/36 MP: 3/3
   764 | D:2      | Found a faded altar of an unknown god.
   767 | D:2      | 767 ||| Stepping ~*~*~tactically~*~*~ (stealth).
  1087 | D:2      | Found a runed translucent door.
  1088 | D:2      | Noticed Crazy Yiuf
  1212 | D:2      | 1212 ||| DROPPING scarf of invisibility.
  1213 | D:2      | 1213 ||| READING scroll labelled AVVOLYA MAOKAY.
  1232 | D:2      | 1232 ||| READING scroll labelled GICUYL TIFYFAH.
  1299 | D:2      | 1299 ||| DRINKING 2 glowing red potions.
  1300 | D:2      | 1300 ||| READING 3 scrolls of identify.
  1300 | D:2      | 1300 ||| IDENTIFYING bubbling golden potion
  1301 | D:2      | 1301 ||| READING 2 scrolls of identify.
  1301 | D:2      | 1301 ||| IDENTIFYING emerald potion
  1302 | D:2      | 1302 ||| DROPPING potion of brilliance.
  1303 | D:2      | 1303 ||| DROPPING potion of flight.
  1336 | D:3      | Found an opulent altar of Gozag.
  1350 | D:3      | Identified the +1 ring mail of Philately {Slay+3}
  1450 | D:3      | Found an iron altar of Okawaru.
  1549 | D:3      | Found a hide-covered altar of Uskayaw.
  1550 | D:3      | 1550 ||| Stepping ~*~*~tactically~*~*~ (stealth).
  1556 | D:3      | Reached XP level 4. HP: 44/44 MP: 4/4
  1563 | D:3      | Reached skill level 5 in Unarmed Combat
  1629 | D:3      | Noticed Natasha
  1633 | D:3      | Killed Natasha
  1642 | D:3      | Noticed Natasha
  1648 | D:3      | Killed Natasha
  1690 | D:3      | Noticed Natasha
  1700 | D:3      | Killed Natasha
  1701 | D:3      | Reached XP level 5. HP: 49/50 MP: 5/5
  1825 | D:3      | Found a hazy altar of Hepliaklqana.
  1894 | D:3      | 1894 ||| READING 2 scrolls labelled VUDOGE RUKAKAPH.
  1895 | D:3      | 1895 ||| READING scroll labelled RIPPINGAKK.
  1896 | D:3      | 1896 ||| DRINKING 2 golden potions.
  1897 | D:3      | 1897 ||| DRINKING 2 viscous silvery potions.
  1898 | D:3      | 1898 ||| DRINKING 2 smoky emerald potions.
  1949 | D:3      | 1949 ||| DRINKING 2 black potions.
  1950 | D:3      | 1950 ||| DROPPING potion of lignification.
  1951 | D:3      | 1951 ||| DROPPING scroll of noise.
  2096 | D:4      | Found a blossoming altar of Fedhas.
  2133 | D:4      | Found a shimmering blue altar of Sif Muna.
  2164 | D:4      | Reached skill level 6 in Unarmed Combat
  2225 | D:4      | Found a bloodstained altar of Trog.
  2225 | D:4      | Noticed a black bear
  2227 | D:4      | Noticed a black bear
  2228 | D:4      | 2228 ||| Stepping ~*~*~tactically~*~*~ (stealth).
  2235 | D:4      | Killed a black bear
  2236 | D:4      | Reached skill level 7 in Unarmed Combat
  2236 | D:4      | Reached XP level 6. HP: 47/59 MP: 6/6
  2311 | D:4      | Found a white marble altar of Elyvilon.
  2334 | D:4      | Noticed Eustachio
  2346 | D:4      | 2346 ||| Stepping ~*~*~tactically~*~*~ (outnumbered).
  2360 | D:4      | 2360 ||| INVOKING Fiery Armour.
  2361 | D:4      | 2361 ||| Stepping ~*~*~tactically~*~*~ (outnumbered).
  2361 | D:4      | Killed Eustachio
  2417 | D:4      | Found an ornate altar of the Wu Jian Council.
  2475 | D:4      | 2475 ||| Stepping ~*~*~tactically~*~*~ (stealth).
  2484 | D:4      | Reached skill level 8 in Unarmed Combat
  2484 | D:4      | Reached XP level 7. HP: 60/66 MP: 7/7
  2687 | D:4      | Found a glowing golden altar of the Shining One.
  2809 | D:4      | 2809 ||| DROPPING ring of magical power.
  2810 | D:4      | 2810 ||| READING scroll labelled REMPAS URGHYL.
  2811 | D:4      | 2811 ||| READING 2 scrolls of identify.
  2811 | D:4      | 2811 ||| IDENTIFYING bubbling coppery potion
  2812 | D:4      | 2812 ||| DROPPING potion of degeneration.
  2813 | D:4      | 2813 ||| Stepping randomly (stuck).
  2814 | D:4      | 2814 ||| Stepping ~*~*~tactically~*~*~ (cloud).
  2899 | D:5      | Entered Level 5 of the Dungeon
  2910 | D:5      | Reached skill level 3 in Fighting
  3067 | D:5      | 3067 ||| Stepping ~*~*~tactically~*~*~ (stealth).
  3124 | D:5      | Reached skill level 9 in Unarmed Combat
  3322 | D:5      | Reached skill level 1 in Throwing
  3415 | D:5      | Found a sparkling altar of Nemelex Xobeh.
  3447 | D:5      | Reached XP level 8. HP: 75/75 MP: 8/8
  3494 | D:5      | 3494 ||| Stepping ~*~*~tactically~*~*~ (hiding).
  3506 | D:5      | Reached skill level 1 in Dodging
  3511 | D:5      | 3511 ||| FLEEEEING.
  3512 | D:5      | 3512 ||| FLEEEEING.
  3513 | D:5      | 3513 ||| FLEEEEING.
  3514 | D:5      | 3514 ||| FLEEEEING.
  3515 | D:5      | 3515 ||| FLEEEEING.
  3516 | D:5      | 3516 ||| FLEEEEING.
  3517 | D:5      | 3517 ||| FLEEEEING.
  3802 | D:5      | Identified the +12 spear of Kyetif {vorpal, *Slow rF+ MP+9
                  | Dex+4}
  3803 | D:5      | 3803 ||| UPGRADING to amulet of guardian spirit.
  3808 | D:5      | 3808 ||| DRINKING 2 coppery potions.
  3809 | D:5      | 3809 ||| DROPPING potion of attraction.
  3861 | D:6      | Found a broken altar of Ashenzari.
  3914 | D:6      | Found a radiant altar of Vehumet.
  3923 | D:6      | 3923 ||| INVOKING Fiery Armour.
  3925 | D:6      | 3925 ||| Stepping ~*~*~tactically~*~*~ (outnumbered).
  3927 | D:6      | 3927 ||| Stepping ~*~*~tactically~*~*~ (outnumbered).
  3928 | D:6      | 3928 ||| Stepping ~*~*~tactically~*~*~ (outnumbered).
  3930 | D:6      | 3930 ||| Stepping ~*~*~tactically~*~*~ (outnumbered).
  3933 | D:6      | 3933 ||| Stepping ~*~*~tactically~*~*~ (outnumbered).
  3984 | D:6      | 3984 ||| Stepping ~*~*~tactically~*~*~ (outnumbered).
  3985 | D:6      | 3985 ||| Stepping ~*~*~tactically~*~*~ (outnumbered).
  3986 | D:6      | 3986 ||| Stepping ~*~*~tactically~*~*~ (outnumbered).
  4011 | D:6      | 4011 ||| Stepping ~*~*~tactically~*~*~ (hiding).
  4162 | D:6      | Reached skill level 10 in Unarmed Combat
  4329 | D:6      | Found a burning altar of Makhleb.
  4362 | D:6      | 4362 ||| Stepping ~*~*~tactically~*~*~ (stealth).
  4557 | D:6      | 4557 ||| Stepping ~*~*~tactically~*~*~ (hiding).
  4572 | D:6      | 4572 ||| Stepping ~*~*~tactically~*~*~ (stealth).
  4575 | D:6      | 4575 ||| Stepping ~*~*~tactically~*~*~ (stealth).
  4855 | D:6      | 4855 ||| DROPPING amulet of magic regeneration.
  4856 | D:6      | 4856 ||| READING scroll labelled WOSIMEJIKE.
  4930 | D:7      | Found a sacrificial altar of Ru.
  4971 | D:7      | 4971 ||| Stepping ~*~*~tactically~*~*~ (outnumbered).
  4978 | D:7      | Reached skill level 11 in Unarmed Combat
  4978 | D:7      | Reached XP level 9. HP: 55/83 MP: 5/9
  5078 | D:7      | 5078 ||| Stepping ~*~*~tactically~*~*~ (stealth).
  5091 | D:7      | 5091 ||| Stepping ~*~*~tactically~*~*~ (stealth).
  5093 | D:7      | 5093 ||| Stepping ~*~*~tactically~*~*~ (hiding).
  5170 | D:7      | 5170 ||| Stepping ~*~*~tactically~*~*~ (stealth).
  5174 | D:7      | Reached skill level 3 in Throwing
  5325 | D:7      | Found a staircase to the Ecumenical Temple.
  5329 | D:7      | 5329 ||| Stepping ~*~*~tactically~*~*~ (hiding).
  5456 | D:7      | 5456 ||| Stepping ~*~*~tactically~*~*~ (hiding).
  5458 | D:7      | 5458 ||| Stepping ~*~*~tactically~*~*~ (hiding).
  5470 | D:7      | 5470 ||| Stepping ~*~*~tactically~*~*~ (outnumbered).
  5543 | D:7      | Found a glowing silver altar of Zin.
  5594 | D:7      | Reached skill level 12 in Unarmed Combat
  5641 | D:7      | Noticed Prince Ribbit
  5656 | D:7      | 5656 ||| INVOKING Fiery Armour.
  5658 | D:7      | Killed Prince Ribbit
  5789 | D:7      | Found a shadowy altar of Dithmenos.
  5933 | D:7      | 5933 ||| UPGRADING to ring of poison resistance.
  5966 | D:8      | 5966 ||| PLANNING OSSUARY
  5983 | D:8      | 5983 ||| Stepping ~*~*~tactically~*~*~ (outnumbered).
  5984 | D:8      | 5984 ||| Stepping ~*~*~tactically~*~*~ (outnumbered).
  6049 | D:8      | 6049 ||| Stepping ~*~*~tactically~*~*~ (stealth).
  6050 | D:8      | 6050 ||| Stepping ~*~*~tactically~*~*~ (stealth).
  6052 | D:8      | 6052 ||| Stepping ~*~*~tactically~*~*~ (stealth).
  6062 | D:8      | 6062 ||| Stepping ~*~*~tactically~*~*~ (outnumbered).
  6063 | D:8      | 6063 ||| Stepping ~*~*~tactically~*~*~ (outnumbered).
  6096 | D:8      | 6096 ||| Stepping ~*~*~tactically~*~*~ (stealth).
  6100 | D:8      | 6100 ||| Stepping ~*~*~tactically~*~*~ (hiding).
  6113 | D:8      | You fall into a shaft and drop 2 floors!
  6113 | D:10     | Entered Level 10 of the Dungeon
  6132 | D:10     | 6132 ||| Stepping ~*~*~tactically~*~*~ (hiding).
  6184 | D:10     | Reached skill level 13 in Unarmed Combat
  6184 | D:10     | Reached XP level 10. HP: 94/96 MP: 8/10
  6232 | D:10     | Noticed a gargoyle
  6238 | D:10     | Killed a gargoyle
  6239 | D:10     | 6239 ||| INVOKING Fiery Armour.
  6297 | D:10     | Found a stormy altar of Qazlal.
  6438 | D:9      | 6438 ||| INVOKING Fiery Armour.
  6451 | D:9      | HP: 24/96 [gnoll sergeant/+0 trident of protection (6)]
  6452 | D:9      | 6452 ||| READING 5 scrolls of teleportation.
  6455 | D:9      | 6455 ||| DRINKING potion of heal wounds.
  6534 | D:9      | 6534 ||| Stepping ~*~*~tactically~*~*~ (outnumbered).
  6540 | D:9      | Reached skill level 14 in Unarmed Combat
  6541 | D:9      | Found a flagged portal.
  6560 | D:8      | 6560 ||| Stepping ~*~*~tactically~*~*~ (stealth).
  6581 | D:8      | 6581 ||| Stepping ~*~*~tactically~*~*~ (outnumbered).
  6628 | D:8      | 6628 ||| RIP OSSUARY
  6634 | D:8      | 6634 ||| PLANNING D:1-11
  6771 | D:8      | Reached skill level 6 in Fighting
  6810 | D:8      | 6810 ||| Stepping ~*~*~tactically~*~*~ (stealth).
  6811 | D:8      | 6811 ||| Stepping ~*~*~tactically~*~*~ (stealth).
  6813 | D:8      | 6813 ||| Stepping ~*~*~tactically~*~*~ (stealth).
  6816 | D:8      | 6816 ||| Stepping ~*~*~tactically~*~*~ (outnumbered).
  6830 | D:8      | 6830 ||| INVOKING Fiery Armour.
  6934 | D:8      | 6934 ||| Stepping ~*~*~tactically~*~*~ (stealth).
  7181 | D:8      | 7181 ||| READING 8 scrolls of identify.
  7181 | D:8      | 7181 ||| IDENTIFYING glowing brown potion
  7182 | D:8      | 7182 ||| DROPPING potion of invisibility.
  7218 | D:9      | 7218 ||| Stepping ~*~*~tactically~*~*~ (hiding).
  7226 | D:9      | 7226 ||| Stepping ~*~*~tactically~*~*~ (stealth).
  7293 | D:9      | 7293 ||| Stepping ~*~*~tactically~*~*~ (stealth).
  7296 | D:9      | 7296 ||| Stepping ~*~*~tactically~*~*~ (stealth).
  7303 | D:9      | 7303 ||| Stepping ~*~*~tactically~*~*~ (stealth).
  7311 | D:9      | Reached skill level 15 in Unarmed Combat
  7317 | D:9      | 7317 ||| INVOKING Fiery Armour.
  7324 | D:9      | 7324 ||| FLEEEEING.
  7326 | D:9      | 7326 ||| FLEEEEING.
  7327 | D:9      | 7327 ||| FLEEEEING.
  7328 | D:9      | 7328 ||| FLEEEEING.
  7334 | D:9      | 7334 ||| FLEEEEING.
  7335 | D:9      | 7335 ||| FLEEEEING.
  7341 | D:9      | 7341 ||| FLEEEEING.
  7342 | D:9      | 7342 ||| FLEEEEING.
  7346 | D:9      | 7346 ||| FLEEEEING.
  7347 | D:9      | 7347 ||| FLEEEEING.
  7348 | D:9      | 7348 ||| FLEEEEING.
  7349 | D:9      | 7349 ||| STAIRDANCE
  7425 | D:9      | Found a snail-covered altar of Cheibriados.
  7462 | D:9      | Reached XP level 11. HP: 87/105 MP: 8/11
  7515 | D:9      | Found a staircase to the Lair.
  7627 | D:9      | Found Lesor's Magic Scroll Boutique.
  7635 | D:9      | 7635 ||| BUYING scroll of brand weapon (133 gold).
  7635 | D:9      | Bought a scroll of brand weapon for 133 gold pieces
  7635 | D:9      | 7635 ||| BUYING scroll of enchant armour (105 gold).
  7635 | D:9      | Bought a scroll of enchant armour for 105 gold pieces
  7635 | D:9      | 7635 ||| BUYING scroll of identify (28 gold).
  7635 | D:9      | Bought a scroll of identify for 28 gold pieces
  7635 | D:9      | 7635 ||| BUYING scroll of identify (28 gold).
  7635 | D:9      | Bought a scroll of identify for 28 gold pieces
  7635 | D:9      | 7635 ||| BUYING scroll of teleportation (42 gold).
  7635 | D:9      | Bought a scroll of teleportation for 42 gold pieces
  7703 | D:9      | 7703 ||| Stepping ~*~*~tactically~*~*~ (stealth).
  7705 | D:9      | 7705 ||| Stepping ~*~*~tactically~*~*~ (stealth).
  7709 | D:9      | 7709 ||| Stepping ~*~*~tactically~*~*~ (stealth).
  7717 | D:9      | 7717 ||| Stepping ~*~*~tactically~*~*~ (stealth).
  7733 | D:9      | 7733 ||| Stepping ~*~*~tactically~*~*~ (hiding).
  7734 | D:9      | 7734 ||| Stepping ~*~*~tactically~*~*~ (hiding).
  7756 | D:9      | 7756 ||| Stepping ~*~*~tactically~*~*~ (hiding).
  7777 | D:9      | Noticed Pikel
  7778 | D:9      | 7778 ||| Stepping ~*~*~tactically~*~*~ (hiding).
  7778 | D:9      | Found an ornate altar of the Wu Jian Council.
  7785 | D:9      | Killed Pikel
  7826 | D:9      | Found a shimmering blue altar of Sif Muna.
  7826 | D:9      | Found a snail-covered altar of Cheibriados.
  7837 | D:9      | Found a shimmering blue altar of Sif Muna.
  7837 | D:9      | Found a broken altar of Ashenzari.
  7837 | D:9      | Found a shimmering altar of Xom.
  8110 | D:9      | 8110 ||| PLANNING LAIR
  8110 | D:9      | 8110 ||| UPGRADING to +2 kite shield.
  8115 | D:9      | 8115 ||| UPGRADING to +0 troll leather armour.
  8125 | D:9      | 8125 ||| DROPPING +0 robe.
  8189 | Lair:1   | Entered Level 1 of the Lair of Beasts
  8196 | Lair:1   | Reached skill level 1 in Shields
  8302 | Lair:1   | 8302 ||| Stepping ~*~*~tactically~*~*~ (outnumbered).
  8303 | Lair:1   | 8303 ||| Stepping ~*~*~tactically~*~*~ (outnumbered).
  8304 | Lair:1   | 8304 ||| Stepping ~*~*~tactically~*~*~ (outnumbered).
  8305 | Lair:1   | 8305 ||| Stepping ~*~*~tactically~*~*~ (outnumbered).
  8306 | Lair:1   | 8306 ||| Stepping ~*~*~tactically~*~*~ (outnumbered).
  8307 | Lair:1   | 8307 ||| Stepping ~*~*~tactically~*~*~ (outnumbered).
  8308 | Lair:1   | 8308 ||| Stepping ~*~*~tactically~*~*~ (outnumbered).
  8311 | Lair:1   | Reached skill level 3 in Shields
  8404 | Lair:1   | Identified the ring "Kukeodde" {Contam +Blink Str+6 Dex+3
                  | Slay+2}
  8457 | Lair:1   | 8457 ||| Stepping ~*~*~tactically~*~*~ (stealth).
  8703 | Lair:1   | Noticed a four-headed hydra
  8704 | Lair:1   | 8704 ||| INVOKING Fiery Armour.
  8707 | Lair:1   | Killed a seven-headed hydra
  8764 | Lair:1   | Noticed a seven-headed hydra
  8770 | Lair:1   | Killed a nine-headed hydra
  8771 | Lair:1   | Reached skill level 6 in Shields
  9059 | Lair:1   | 9059 ||| DROPPING +4 ring of protection.
  9060 | Lair:1   | 9060 ||| UPGRADING to ring "Kukeodde" {Contam +Blink Str+6
                  | Dex+3 Slay+2}.
  9062 | Lair:1   | 9062 ||| DROPPING +6 ring of dexterity.
  9063 | Lair:1   | 9063 ||| READING scroll labelled QIWUKE DEOHA.
  9063 | Lair:1   | Identified a scroll of acquirement
  9063 | Lair:1   | 9063 ||| ACQUIRING +1 cloak "Futzax" {Int+2}
  9063 | Lair:1   | Acquired the +1 cloak "Futzax" {Int+2}
  9065 | Lair:1   | 9065 ||| UPGRADING to +1 cloak "Futzax" {Int+2}.
  9070 | Lair:1   | 9070 ||| READING scroll labelled XITIYH JUINIA.
  9243 | Lair:2   | Reached skill level 1 in Armour
  9291 | Lair:2   | Noticed a death yak
  9292 | Lair:2   | 9292 ||| INVOKING Fiery Armour.
  9293 | Lair:2   | Noticed a death yak
  9293 | Lair:2   | Noticed a death yak
  9293 | Lair:2   | Noticed a death yak
  9294 | Lair:2   | Noticed a death yak
  9296 | Lair:2   | Noticed a death yak
  9300 | Lair:2   | 9300 ||| Stepping ~*~*~tactically~*~*~ (outnumbered).
  9301 | Lair:2   | 9301 ||| Stepping ~*~*~tactically~*~*~ (outnumbered).
  9302 | Lair:2   | 9302 ||| Stepping ~*~*~tactically~*~*~ (outnumbered).
  9303 | Lair:2   | 9303 ||| Stepping ~*~*~tactically~*~*~ (outnumbered).
  9304 | Lair:2   | 9304 ||| Stepping ~*~*~tactically~*~*~ (outnumbered).
  9306 | Lair:2   | 9306 ||| Stepping ~*~*~tactically~*~*~ (outnumbered).
  9308 | Lair:2   | Killed a death yak
  9309 | Lair:2   | Killed a death yak
  9313 | Lair:2   | Killed a death yak
  9315 | Lair:2   | HP: 16/105 [death yak (18)]
  9316 | Lair:2   | 9316 ||| READING 5 scrolls of teleportation.
  9317 | Lair:2   | 9317 ||| DRINKING potion of heal wounds.
  9418 | Lair:2   | 9418 ||| Stepping ~*~*~tactically~*~*~ (stealth).
  9427 | Lair:2   | 9427 ||| Stepping ~*~*~tactically~*~*~ (outnumbered).
  9428 | Lair:2   | 9428 ||| Stepping ~*~*~tactically~*~*~ (outnumbered).
  9429 | Lair:2   | 9429 ||| Stepping ~*~*~tactically~*~*~ (outnumbered).
  9430 | Lair:2   | 9430 ||| Stepping ~*~*~tactically~*~*~ (outnumbered).
  9431 | Lair:2   | 9431 ||| Stepping ~*~*~tactically~*~*~ (outnumbered).
  9432 | Lair:2   | 9432 ||| Stepping ~*~*~tactically~*~*~ (outnumbered).
  9433 | Lair:2   | 9433 ||| Stepping ~*~*~tactically~*~*~ (outnumbered).
  9434 | Lair:2   | 9434 ||| Stepping ~*~*~tactically~*~*~ (outnumbered).
  9435 | Lair:2   | 9435 ||| Stepping ~*~*~tactically~*~*~ (outnumbered).
  9436 | Lair:2   | 9436 ||| Stepping ~*~*~tactically~*~*~ (outnumbered).
  9437 | Lair:2   | 9437 ||| Stepping ~*~*~tactically~*~*~ (outnumbered).
  9441 | Lair:2   | Reached XP level 12. HP: 87/114 MP: 8/12
  9555 | Lair:2   | 9555 ||| Stepping ~*~*~tactically~*~*~ (stealth).
  9558 | Lair:2   | 9558 ||| INVOKING Fiery Armour.
  9565 | Lair:2   | 9565 ||| Stepping ~*~*~tactically~*~*~ (outnumbered).
  9566 | Lair:2   | 9566 ||| Stepping ~*~*~tactically~*~*~ (outnumbered).
  9568 | Lair:2   | 9568 ||| Stepping ~*~*~tactically~*~*~ (outnumbered).
  9571 | Lair:2   | Killed a death yak
  9572 | Lair:2   | Reached skill level 9 in Shields
  9574 | Lair:2   | Killed a death yak
  9581 | Lair:2   | Killed a death yak
  9639 | Lair:2   | Found a dark tunnel.
  9744 | Lair:2   | 9744 ||| Stepping ~*~*~tactically~*~*~ (outnumbered).
  9748 | Lair:2   | 9748 ||| Stepping ~*~*~tactically~*~*~ (outnumbered).
  9751 | Lair:2   | 9751 ||| Stepping ~*~*~tactically~*~*~ (outnumbered).
  9752 | Lair:2   | 9752 ||| Stepping ~*~*~tactically~*~*~ (outnumbered).
  9753 | Lair:2   | 9753 ||| Stepping ~*~*~tactically~*~*~ (outnumbered).
  9935 | Lair:2   | Noticed a five-headed hydra
  9936 | Lair:2   | 9936 ||| INVOKING Fiery Armour.
  9943 | Lair:2   | Killed an eight-headed hydra
 10405 | Lair:2   | 10405 ||| DROPPING +6 ring of strength.
 10454 | Lair:3   | 10454 ||| INVOKING Fiery Armour.
 10456 | Lair:3   | 10456 ||| STAIRDANCE
 10458 | Lair:2   | 10458 ||| PLANNING TEMPLE
 10562 | Temple   | Entered the Ecumenical Temple
 10563 | Temple   | 10563 ||| READING 4 scrolls of teleportation.
 10564 | Temple   | 10564 ||| PLANNING LAIR
 10677 | Lair:3   | Noticed a death yak
 10677 | Lair:3   | Noticed a death yak
 10679 | Lair:3   | Noticed a death yak
 10682 | Lair:3   | Noticed a death yak
 10683 | Lair:3   | 10683 ||| Stepping ~*~*~tactically~*~*~ (outnumbered).
 10684 | Lair:3   | 10684 ||| STAIRDANCE
 10684 | Lair:3   | Noticed a death yak
 10686 | Lair:2   | 10686 ||| Stepping ~*~*~tactically~*~*~ (outnumbered).
 10687 | Lair:2   | 10687 ||| Stepping ~*~*~tactically~*~*~ (outnumbered).
 10688 | Lair:2   | 10688 ||| Stepping ~*~*~tactically~*~*~ (outnumbered).
 10690 | Lair:2   | Killed a death yak
 10700 | Lair:2   | Killed a death yak
 10746 | Lair:3   | 10746 ||| STAIRDANCE
 10754 | Lair:2   | Killed a death yak
 10754 | Lair:2   | HP: 25/114 [cane toad (20)]
 10755 | Lair:2   | 10755 ||| READING 3 scrolls of teleportation.
 10756 | Lair:2   | 10756 ||| DRINKING potion of heal wounds.
 10843 | Lair:3   | Noticed a death yak
 10845 | Lair:3   | 10845 ||| Stepping ~*~*~tactically~*~*~ (stealth).
 10852 | Lair:3   | 10852 ||| Stepping ~*~*~tactically~*~*~ (outnumbered).
 10853 | Lair:3   | 10853 ||| Stepping ~*~*~tactically~*~*~ (outnumbered).
 10854 | Lair:3   | 10854 ||| Stepping ~*~*~tactically~*~*~ (outnumbered).
 10855 | Lair:3   | 10855 ||| Stepping ~*~*~tactically~*~*~ (outnumbered).
 10856 | Lair:3   | 10856 ||| Stepping ~*~*~tactically~*~*~ (outnumbered).
 10857 | Lair:3   | 10857 ||| Stepping ~*~*~tactically~*~*~ (outnumbered).
 10858 | Lair:3   | 10858 ||| Stepping ~*~*~tactically~*~*~ (outnumbered).
 10859 | Lair:3   | 10859 ||| Stepping ~*~*~tactically~*~*~ (outnumbered).
 10863 | Lair:3   | 10863 ||| Stepping ~*~*~tactically~*~*~ (outnumbered).
 10865 | Lair:3   | 10865 ||| Stepping ~*~*~tactically~*~*~ (outnumbered).
 10867 | Lair:3   | 10867 ||| Stepping ~*~*~tactically~*~*~ (outnumbered).
 10868 | Lair:3   | 10868 ||| Stepping ~*~*~tactically~*~*~ (outnumbered).
 10870 | Lair:3   | 10870 ||| Stepping ~*~*~tactically~*~*~ (outnumbered).
 10872 | Lair:3   | Killed a death yak
 10874 | Lair:3   | 10874 ||| Stepping ~*~*~tactically~*~*~ (outnumbered).
 10875 | Lair:3   | 10875 ||| Stepping ~*~*~tactically~*~*~ (outnumbered).
 10876 | Lair:3   | 10876 ||| Stepping ~*~*~tactically~*~*~ (outnumbered).
 10877 | Lair:3   | 10877 ||| Stepping ~*~*~tactically~*~*~ (outnumbered).
 10878 | Lair:3   | 10878 ||| Stepping ~*~*~tactically~*~*~ (outnumbered).
 10882 | Lair:3   | 10882 ||| Stepping ~*~*~tactically~*~*~ (outnumbered).
 10884 | Lair:3   | Killed a death yak
 10887 | Lair:3   | Killed a death yak
 10888 | Lair:3   | Reached skill level 16 in Unarmed Combat
 10897 | Lair:3   | HP: 27/114 [redback (12)]
 10898 | Lair:3   | 10898 ||| READING 2 scrolls of teleportation.
 11184 | Lair:3   | Found a hole to the Spider Nest.
 11244 | Lair:3   | Found a staircase to the Swamp.
 11295 | Lair:3   | Reached XP level 13. HP: 81/123 MP: 7/13
 11377 | Lair:3   | 11377 ||| Stepping ~*~*~tactically~*~*~ (outnumbered).
 11396 | Lair:3   | 11396 ||| DRINKING 2 potions of cancellation.
 11433 | Lair:3   | 11433 ||| Stepping ~*~*~tactically~*~*~ (stealth).
 11844 | Lair:3   | 11844 ||| READING scroll labelled VESHRO LEAHOMOSA.
 11845 | Lair:3   | 11845 ||| READING scroll labelled KISMOJ PIUM.
 11846 | Lair:3   | 11846 ||| READING scroll labelled WEAF MOYDGHAFI.
 11904 | Lair:4   | Identified the +2 robe "Siemnid" {Contam rC++ rCorr
                  | Archmagi}
 11922 | Lair:4   | 11922 ||| Stepping ~*~*~tactically~*~*~ (stealth).
 11926 | Lair:4   | 11926 ||| Stepping ~*~*~tactically~*~*~ (outnumbered).
 11927 | Lair:4   | 11927 ||| Stepping ~*~*~tactically~*~*~ (outnumbered).
 11928 | Lair:4   | 11928 ||| Stepping ~*~*~tactically~*~*~ (outnumbered).
 11929 | Lair:4   | 11929 ||| Stepping ~*~*~tactically~*~*~ (outnumbered).
 11930 | Lair:4   | 11930 ||| Stepping ~*~*~tactically~*~*~ (outnumbered).
 11960 | Lair:4   | 11960 ||| Stepping ~*~*~tactically~*~*~ (stealth).
 11961 | Lair:4   | 11961 ||| Stepping ~*~*~tactically~*~*~ (stealth).
 11962 | Lair:4   | 11962 ||| FLEEEEING.
 11965 | Lair:4   | 11965 ||| Stepping ~*~*~tactically~*~*~ (outnumbered).
 11966 | Lair:4   | 11966 ||| Stepping ~*~*~tactically~*~*~ (outnumbered).
 11967 | Lair:4   | 11967 ||| Stepping ~*~*~tactically~*~*~ (outnumbered).
 11968 | Lair:4   | 11968 ||| Stepping ~*~*~tactically~*~*~ (outnumbered).
 11969 | Lair:4   | 11969 ||| Stepping ~*~*~tactically~*~*~ (outnumbered).
 11973 | Lair:4   | 11973 ||| Stepping ~*~*~tactically~*~*~ (outnumbered).
 11974 | Lair:4   | 11974 ||| Stepping ~*~*~tactically~*~*~ (outnumbered).
 11975 | Lair:4   | 11975 ||| Stepping ~*~*~tactically~*~*~ (outnumbered).
 11977 | Lair:4   | 11977 ||| Stepping ~*~*~tactically~*~*~ (outnumbered).
 11981 | Lair:4   | 11981 ||| Stepping ~*~*~tactically~*~*~ (outnumbered).
 11985 | Lair:4   | 11985 ||| Stepping ~*~*~tactically~*~*~ (outnumbered).
 11988 | Lair:4   | 11988 ||| Stepping ~*~*~tactically~*~*~ (outnumbered).
 12203 | Lair:4   | 12203 ||| Stepping ~*~*~tactically~*~*~ (hiding).
 12207 | Lair:4   | 12207 ||| DRINKING potion of cancellation.
 12277 | Lair:4   | Noticed Sonja
 12284 | Lair:4   | Reached skill level 17 in Unarmed Combat
 12299 | Lair:4   | HP: 31/124 [something (3)]
 12300 | Lair:4   | 12300 ||| DRINKING 2 potions of curing.
 12300 | Lair:4   | 12300 ||| (to cure poison)
 12303 | Lair:4   | HP: 15/124 [something (3)]
 12304 | Lair:4   | HP: 7/124 [something (5)]
 12304 | Lair:4   | HP: 1/124 [something (6)]
 12304 | Lair:4   | Slain by Sonja

Levels and vault maps discovered:
D:1:      zelgadis_glass_arrival_small, layout_basic, nicolae_shop_unique_rings
D:2:      layout_loops_ring, shapermc_ecumenical_altar_totnotflames,
          uniq_crazy_yiuf_cottage
D:3:      layout_rooms, kennysheep_okawaru_gauntlet, lemuel_tele_altar,
          nicolae_hepliaklqana_hippocampus, mainiacjoe_overflow_paths,
          uniq_natasha
D:4:      layout_basic, mainiacjoe_overflow_catwalk,
          mainiacjoe_overflow_catch_the_wave, trog_ov_bears_minmay,
          elyvilon_altar_1, kennysheep_mini_moat, fountainhead,
          nicolae_wormholes, uniq_eustachio
D:5:      layout_loops_ring, mainiacjoe_overflow_surrounded_room
D:6:      layout_loops_corners, mainiacjoe_overflow_concentric_impassable,
          mainiacjoe_overflow_alcove_2, makhleb_grotto_becter
D:7:      layout_loops_cross, nicolae_ru_sacrificial_ziggurat,
          grunt_dithmenos_shadows, mainiacjoe_overflow_tiny_flanked,
          minmay_temple_entry_mist, uniq_prince_ribbit1
D:8:      layout_rooms, gup_ossuary_entry_pyramid, kennysheep_generic_room_8
D:9:      layout_roguey, doesnt_xom_only_xom, mainiacjoe_overflow_chevrons,
          david_lair_shrubbed, serial_shops, nicolae_stop_n_shop_2,
          enter_bailey_2, chequers_serial_rivers_room_b, the_hattery, uniq_pikel
D:10:     layout_big_octagon, kennysheep_vampire_church,
          nicolae_qazlal_general_emergency, david_orc_4
Temple:   ebering_the_one_and_only
Lair:1:   hellmonk_ruined_rings, layout_regular_city
Lair:2:   layout_cave_pods, enter_volcano_3, grunt_megastairs_2
Lair:3:   layout_gridlike, minmay_swamp_entry_reptiles, spider_nest_entry_webs,
          serial_bayou_lake_a
Lair:4:   layout_small_grid, minmay_slime_entry_pillars,
          portal_ice_cave_entry_animals_and_master, basic_altar, uniq_sonja

Skill      XL: |  1  2  3  4  5  6  7  8  9 10 11 12 13 |
---------------+----------------------------------------+-----
Unarmed Combat | 4 5 7 8 9 11 13 15 16 17 | 17.0
Fighting       | 3 4 5 6 7 |  7.0
Throwing       | 2 3 4 |  4.1
Dodging        | 1 2 |  2.2
Shields        | 8 11 | 11.0
Armour         | 1 2 |  2.3
Spellcasting   | |  1.0
Fire Magic     | |  2.1

Action                   |  1- 3 |  4- 6 |  7- 9 | 10-12 | 13-15 || total
-------------------------+-------+-------+-------+-------+-------++-------
Melee: Unarmed           |    60 |    63 |   266 |   463 |   103 ||   955
       Punch             |       |     1 |     5 |    21 |       ||    27
Throw: Boomerang         |    46 |    29 |    26 |    74 |    30 ||   205
       Javelin           |       |       |    56 |    39 |       ||    95
Invok: Fiery Armour      |       |     1 |     2 |     9 |       ||    12
  Use: Scroll            |     6 |     2 |     3 |     8 |     3 ||    22
       Potion            |     2 |     4 |     1 |     3 |     3 ||    13
Armor: Robe              |    18 |    21 |    32 |    22 |       ||    93
       Troll leather arm |       |       |       |    73 |    27 ||   100
Dodge: Dodged            |    30 |    48 |   115 |   157 |    16 ||   366
Block: Kite shield       |       |       |       |   128 |    48 ||   176

Table legend:
 A = Non-vault XP
 B = Vault XP
 C = Vault XP percentage of total XP
 D = Non-vault monster count
 E = Vault monster count
 F = Vault count percentage of total count
                 A         B        C        D         E       F
            +---------+---------+-------+---------+---------+-------
      Total |   42128 |    4235 |   9.1 |     281 |      29 |   9.4
            +---------+---------+-------+---------+---------+-------
        D:1 |      32 |       0 |   0.0 |      20 |       0 |   0.0
        D:2 |      32 |       0 |   0.0 |      13 |       0 |   0.0
        D:3 |     124 |      35 |  22.0 |      18 |       1 |   5.3
        D:4 |     101 |     470 |  82.3 |       4 |       6 |  60.0
        D:5 |     836 |       0 |   0.0 |      19 |       0 |   0.0
        D:6 |     854 |      50 |   5.5 |      28 |       1 |   3.4
        D:7 |    1487 |     403 |  21.3 |      26 |       3 |  10.3
        D:8 |    2941 |      58 |   1.9 |      26 |       2 |   7.1
        D:9 |    2496 |    1236 |  33.1 |      30 |       3 |   9.1
       D:10 |    1327 |       0 |   0.0 |       8 |       0 |   0.0
     Lair:1 |    6005 |       0 |   0.0 |      19 |       0 |   0.0
     Lair:2 |   12603 |     888 |   6.6 |      28 |       7 |  20.0
     Lair:3 |    6663 |    1095 |  14.1 |      20 |       6 |  23.1
     Lair:4 |    6627 |       0 |   0.0 |      22 |       0 |   0.0
            +---------+---------+-------+---------+---------+-------
